 Dungeon Crawl Stone Soup version 0.29.1-12-g30fa7ad0bf (webtiles) character file.

Game seed: 8987019122301006327

65443 Revguard the Covert (level 14, -3/159 HPs)
             Began as a Demonspawn Brigand on Jan 10, 2023.
             Was a Follower of Uskayaw.
             Succumbed to an orc knight's poison
             ... on level 1 of the Orcish Mines.
             The game lasted 01:23:24 (19052 turns).

Revguard the Covert (Demonspawn Brigand)           Turns: 19052, Time: 01:23:25

Health: -3/159     AC: 18    Str: 19    XL:     14   Next: 75%
Magic:  13/30      EV: 20    Int: 17    God:    Uskayaw [*.....]
Gold:   2679       SH:  0    Dex: 18    Spells: 7/32 levels left

rFire   . . .      SeeInvis +   a - +7 captain's cutlass {speed, disarm}
rCold   . . .      Faith    .   (no shield)
rNeg    . . .      Spirit   +   k - +3 troll leather armour
rPois   .          Reflect  .   (helmet unavailable)
rElec   .          Harm     .   c - +0 cloak
rCorr   .          Rampage  .   K - +1 pair of gloves {Str+3}
Will    +....      Clarity  +   b - +1 pair of boots
Stlth   ..........              e - amulet of guardian spirit
HPRegen 1.16/turn               s - +4 ring of protection
MPRegen 0.22/turn               L - ring "Olasoq" {EV+4 Str+3}

@: berserking, lethally poisoned (-3 -> -35), very slightly contaminated,
studying Spellcasting, very quick
A: antennae 3, powered by pain 2, big brain 2, demonic magic 1, hooves 1,
clarity, high MP 1
a: Renounce Religion, Stomp


You were on level 1 of the Orcish Mines.
You worshipped Uskayaw.
Uskayaw was aware of your devotion.
You visited 2 branches of the dungeon, and saw 17 of its levels.
You also visited: Bailey.

You collected 2986 gold pieces.
You spent 307 gold pieces at shops.

Inventory:

Hand Weapons
 a - the +7 captain's cutlass (weapon) {speed, disarm}
   (You acquired it in a bailey)

   Attacks with this weapon are significantly faster.
   It may disarm weapon-wielding foes when striking them, dealing extra damage
   in the process.
 f - a +4 dagger of flaming
 P - a +1 scimitar of flaming
Missiles
 d - 50 poisoned darts
 o - 5 curare-tipped darts (quivered)
Armour
 b - a +1 pair of boots (worn)
 c - a +0 cloak (worn)
 k - a +3 troll leather armour (worn)
 K - a +1 pair of gloves of strength (worn)
Jewellery
 e - an amulet of guardian spirit (around neck)
 l - a ring of protection from cold
 p - a +6 ring of intelligence
 s - a +4 ring of protection (left hand)
 x - a +4 ring of protection
 y - a ring of ice
 B - a ring of poison resistance
 L - the ring "Olasoq" (right hand) {EV+4 Str+3}
   (You found it on level 13 of the Dungeon)

   [ring of evasion]

   EV:        It affects your evasion (+4).
   Str:       It affects your strength (+3).
 M - a ring of magical power
 O - an amulet of regeneration
 Q - a ring of resist corrosion
Wands
 g - a wand of roots (7)
 r - a wand of polymorph (11)
 t - a wand of mindburst (14)
 I - a wand of flame (29)
Scrolls
 n - 2 scrolls of silence
 q - a scroll of amnesia
 w - 4 scrolls of teleportation
 z - 4 scrolls of immolation
Potions
 h - 2 potions of brilliance
 j - 2 potions of cancellation
 m - 2 potions of might
 u - 2 potions of magic
 v - 3 potions of curing
 A - a potion of mutation
 D - 5 potions of ambrosia
 E - 5 potions of haste
 G - a potion of flight
 H - a potion of attraction
 N - 2 potions of lignification


   Skills:
 + Level 8.7 Fighting
 + Level 8.1 Short Blades
 - Level 1.7 Throwing
 + Level 7.6 Armour
 + Level 7.8 Dodging
 * Level 12.4 Stealth
 + Level 9.7 Spellcasting
 + Level 8.3 Hexes
 + Level 10.8 Invocations
 + Level 8.0 Evocations


You had 7 spell levels left.
You knew the following spells:

 Your Spells              Type           Power      Damage    Failure   Level
a - Ensorcelled Hibernat  Hex/Ice        44%        N/A       2%          2
b - Dazzling Flash        Conj/Hex       44%        N/A       5%          3
c - Tukima's Dance        Hex            36%        N/A       1%          3
d - Anguish               Hex/Necr       11%        N/A       19%         4
e - Metabolic Englaciati  Hex/Ice        11%        N/A       45%         5
f - Discord               Hex            18%        N/A       100%        8

Your spell library contained the following spells:

 Spells                   Type           Power      Damage    Failure   Level
 Portal Projectile        Hex/Tloc       44%        N/A       5%          3
 Summon Guardian Golem    Hex/Summ       22%        N/A       5%          3
 Apportation              Tloc           16%        N/A       10%         1
 Beastly Appendage        Tmut           16%        N/A       10%         1
 Necrotise                Necr           32%        1d5       10%         1
 Sandblast                Erth           16%        2d6       10%         1
 Summon Small Mammal      Summ           32%        N/A       10%         1
 Static Discharge         Conj/Air       8%         3-4/arc   16%         2
 Wereblood                Tmut           8%         N/A       16%         2
 Call Canine Familiar     Summ           8%         N/A       30%         3
 Spider Form              Tmut/Pois      8%         N/A       30%         3
 Silence                  Hex/Air        11%        N/A       45%         5
 Summon Mana Viper        Hex/Summ       22%        N/A       45%         5
 Airstrike                Air            4%         2d(1-17)  69%         4
 Animate Dead             Necr           8%         N/A       69%         4
 Dispel Undead            Necr           8%         3d8       69%         4
 Hailstorm                Conj/Ice       8%         3d4       69%         4
 Sticky Flame             Conj/Fire      8%         2d3       69%         4
 Summon Lightning Spire   Summ/Air       8%         N/A       69%         4
 Agony                    Necr           8%         N/A       95%         5
 Alistair's Intoxication  Tmut/Pois      5%         N/A       95%         5
 Blade Hands              Tmut           4%         N/A       95%         5
 Lightning Bolt           Conj/Air       4%         1d15      95%         5
 Conjure Ball Lightning   Conj/Air       4%         3x3d6     100%        6
 Eringya's Noxious Bog    Tmut/Pois      4%         N/A       100%        6
 Haunt                    Necr/Summ      4%         N/A       100%        7
 Summon Hydra             Summ           4%         N/A       100%        7
 Disjunction              Tloc           4%         N/A       100%        8
 Infestation              Necr           4%         N/A       100%        8
 Chain Lightning          Conj/Air       4%         3d5       100%        9
 Fire Storm               Conj/Fire      4%         8d1       100%        9
 Shatter                  Erth           4%         3d7*      100%        9


Dungeon Overview and Level Annotations

Branches:
Dungeon (15/15)            Temple (0/1) D:7            Lair (0/5) D:11
    Orc (2/2) D:11            Elf (0/3) Orc:2        Vaults (0/5) D:13
 Depths (0/4) D:15         Bailey (visited)

Altars:
Ashenzari
Cheibriados
Gozag
Hepliaklqana
Kikubaaqudgha
Okawaru
Uskayaw
Jiyva

Shops:
D:2 !   D:3 *   D:12 *   Orc:2 =*([


Innate Abilities, Weirdness & Mutations

You have a pair of large antennae on your head. (SInv)
You sometimes gain power by taking damage.
You have an extremely huge brain. (Int +4)
Spells you cast may paralyse adjacent enemies.
You have large cloven feet.
You possess an exceptional clarity of mind.
You have an increased reservoir of magic. (+10% MP)


Message History

Press: ? - help, Shift-Dir - straight line, f/p - orc knight
Aim: an orc knight, wielding a +2 glaive of venom and wearing a +0 plate armour (lightly wounded, chance to affect: 37%)
The orc knight easily resists.
Malevolent energies surge around you.
You feel extremely sick.
The orc priest mumbles some strange prayers to Beogh against you.
Pain shoots through your body! The orc warrior completely misses you.
The orc knight hits you with a +2 glaive of venom.
You are lethally poisoned!
You feel better.
The orc warrior throws a boomerang.
The boomerang hits you but does no damage.
The orc knight hits you with a +2 glaive of venom!!
* * * LOW HITPOINT WARNING * * *
Casting: Ensorcelled Hibernation (safe; 2% risk of failure)
Confirm with . or Enter, or press ? or * to list all spells.
Aiming: Ensorcelled Hibernation (safe; 2% risk of failure)
Press: ? - help, Shift-Dir - straight line, f/p - orc knight
Aim: an orc knight, wielding a +2 glaive of venom and wearing a +0 plate armour (lightly wounded, chance to affect: 37%)
The orc knight easily resists.
Malevolent energies surge around you.
The orc warrior hits you from afar with a +0 trident!!
* * * LOW HITPOINT WARNING * * *
The orc knight hits you with a +2 glaive of venom.
* * * LOW HITPOINT WARNING * * *
You are lethally poisoned!
Unknown command.
You feel better.
The orc warrior hits you but does no damage.
The orc knight misses you.
Okay, then.
Okay, then.
A red film seems to cover your vision as you go berserk!
You feel yourself moving faster!
You feel mighty! The orc priest misses you. The orc warrior misses you.
The orc knight hits you with a +2 glaive of venom!!
* * * LOW HITPOINT WARNING * * *
You focus on the pain.
You feel your power returning.
You are lethally poisoned!
You are too berserk!
You puncture the orc knight!
The orc knight is moderately wounded.
You die...

#......# {
#......#... {
#...#...#.##
{
#..........#
{
#.........###
{ {
#...........#
#............
#[$.o.o.....#
#>)..@..$..#
#))....#...#
#....o.......
#..#.........
#............
#.....#......
#........$.##
###........#
#.......#.


You could see an orc knight, an orc warrior (strong) and an orc priest (strong).

Vanquished Creatures
  Gastronok (D:8)
  An azure jelly (D:13)
  An orc warlord (Orc:2)
  Fannar (D:10)
  4 hydras
  3 centaur warriors
  5 boulder beetles
  A two-headed ogre (D:13)
  An orc high priest (Orc:2)
  Nergalle (D:10)
  A glowing orange brain (D:13)
  2 wizards
  A deep elf zephyrmancer (D:13)
  5 orc knights
  3 cyclopes (D:15)
  19 ugly things
  A salamander (shapeshifter) (D:15)
  3 deep elf pyromancers
  5 orc sorcerers
  A black mamba (shapeshifter) (D:13)
  5 manticores
  A centaur zombie (D:15)
  A freezing wraith (D:14)
  An efreet (D:14)
  5 kobold demonologists
  A tengu conjurer (D:14)
  7 trolls
  20 slime creatures
  A hornet (D:7)
  Prince Ribbit (D:8)
  Sigmund (D:4)
  A shadow (D:11)
  29 yaks
  2 wraiths (D:12)
  A fire elemental (D:12)
  A golden eye (D:13)
  3 basilisks
  11 vampire mosquitoes
  Menkaure (D:7)
  A warg (Orc:2)
  2 acid dragons (D:9)
  2 steam dragons
  Duvessa (D:4)
  2 ice beasts
  A water moccasin (D:6)
  37 orc warriors
  A black bear (D:8)
  9 ogres
  3 centaurs
  3 kobold brigands
  2 necrophages (D:6)
  3 scorpions
  Dowan (D:4)
  A hornet simulacrum (D:15)
  14 wights
  5 killer bees (D:8)
  3 howler monkeys (D:8)
  2 electric eels (Bailey)
  A crimson imp (D:12)
  3 hounds
  13 orc priests
  2 jellies (D:6)
  2 gnoll boudas
  Terence (D:3)
  3 iguanas
  19 orc wizards
  19 gnolls
  8 adders
  An ufetubus (D:4)
  5 worms
  3 dart slugs
  73 orcs
  9 bats
  9 endoplasms
  2 giant cockroaches (D:1)
  17 hobgoblins
  2 quokkas
  7 ball pythons
  2 frilled lizards
  22 goblins
  26 kobolds
  2 rats
497 creatures vanquished.

Vanquished Creatures (collateral kills)
  A necromancer (D:15)
  A centaur zombie (D:15)
  A naga mage (D:15)
3 creatures vanquished.

Vanquished Creatures (others)
  A boulder beetle (D:12)
  A fungus (D:1)
2 creatures vanquished.

Grand Total: 502 creatures vanquished

Notes
Turn   | Place    | Note
-------+----------+-------------------------------------------
     0 | D:1      | Revguard the Demonspawn Brigand began the quest for the
                  | Orb.
     0 | D:1      | Reached XP level 1. HP: 16/16 MP: 1/1
    46 | D:1      | Reached skill level 1 in Dodging
   362 | D:1      | Gained mutation: You sometimes gain a little power by
                  | taking damage. [demonic ancestry]
   362 | D:1      | Reached XP level 2. HP: 12/22 MP: 2/2
  1174 | D:1      | Reached skill level 4 in Stealth
  1180 | D:1      | Found a faded altar of an unknown god.
  1332 | D:2      | Reached XP level 3. HP: 25/27 MP: 3/3
  1429 | D:2      | Reached skill level 1 in Invocations
  1861 | D:2      | Gained mutation: Spells you cast may paralyse adjacent
                  | enemies. [demonic ancestry]
  1861 | D:2      | Reached XP level 4. HP: 22/34 MP: 2/4
  1870 | D:2      | Learned a level 2 spell: Ensorcelled Hibernation
  2510 | D:2      | Found Vooqur's Distillery.
  2523 | D:2      | Bought a potion of heal wounds for 65 gold pieces
  2523 | D:2      | Bought a potion of curing for 39 gold pieces
  2692 | D:3      | Noticed Terence
  2705 | D:3      | Killed Terence
  2706 | D:3      | Reached skill level 1 in Armour
  2982 | D:3      | Reached XP level 5. HP: 39/39 MP: 6/6
  2988 | D:3      | Reached skill level 1 in Spellcasting
  3215 | D:3      | Got Sif Muna's Meditations on Intoxication and Frostbite
  3392 | D:3      | Found Zufeej's Assorted Antiques.
  3402 | D:3      | Bought an amethyst potion for 16 gold pieces
  3402 | D:3      | Bought a fuming blue potion for 16 gold pieces
  3402 | D:3      | Bought a scroll labelled HAPSUH YROQ for 18 gold pieces
  3402 | D:3      | Bought a scroll labelled HAPSUH YROQ for 18 gold pieces
  3698 | D:3      | Found a faded altar of an unknown god.
  3703 | D:3      | Found a snail-covered altar of Cheibriados.
  3866 | D:4      | Found a hide-covered altar of Uskayaw.
  3868 | D:4      | Found an iron altar of Okawaru.
  3868 | D:4      | Found a broken altar of Ashenzari.
  3868 | D:4      | Found an opulent altar of Gozag.
  3877 | D:4      | Became a worshipper of Uskayaw the Reveller
  3896 | D:4      | Noticed an ogre
  3901 | D:4      | Reached * piety under Uskayaw
  3903 | D:4      | Noticed Duvessa
  3913 | D:4      | Killed an ogre
  3914 | D:4      | Reached skill level 1 in Hexes
  4012 | D:4      | Noticed Dowan
  4028 | D:4      | Killed Duvessa
  4029 | D:4      | Gained mutation: You have a pair of small antennae on your
                  | head. [demonic ancestry]
  4029 | D:4      | Reached XP level 6. HP: 33/46 MP: 5/8
  4030 | D:4      | Killed Dowan
  4516 | D:4      | Noticed Sigmund
  4522 | D:4      | Reached ** piety under Uskayaw
  4529 | D:4      | Killed Sigmund
  4530 | D:4      | Reached skill level 5 in Stealth
  4530 | D:4      | Reached XP level 7. HP: 39/52 MP: 5/10
  4739 | D:5      | Entered Level 5 of the Dungeon
  5022 | D:5      | Reached skill level 1 in Evocations
  5433 | D:5      | Got the Precepts of Summoned Terra Firma
  5638 | D:5      | Gained mutation: You have an unusually large brain. (Int
                  | +2) [demonic ancestry]
  5638 | D:5      | Reached XP level 8. HP: 44/58 MP: 10/12
  6235 | D:6      | Identified the +2 robe "Nepaurif" {Str-3 Dex+9}
  6298 | D:6      | Reached *** piety under Uskayaw
  6300 | D:6      | Reached skill level 6 in Stealth
  6889 | D:6      | Learned a level 8 spell: Discord
  7379 | D:7      | Noticed Menkaure
  7407 | D:7      | Killed Menkaure
  7408 | D:7      | Reached XP level 9. HP: 42/65 MP: 8/14
  7418 | D:7      | Noticed a troll
  7421 | D:7      | Reached **** piety under Uskayaw
  7430 | D:7      | Killed a troll
  7430 | D:7      | Reached ***** piety under Uskayaw
  7662 | D:7      | Found a staircase to the Ecumenical Temple.
  8232 | D:8      | Noticed Prince Ribbit
  8239 | D:8      | Killed Prince Ribbit
  8240 | D:8      | Reached skill level 5 in Invocations
  8285 | D:8      | Reached skill level 7 in Stealth
  8291 | D:8      | Identified the +6 falchion "Sustrul" {vorpal, Stlth+}
  8302 | D:8      | Noticed Gastronok
  8383 | D:8      | Killed Gastronok
  8384 | D:8      | Reached skill level 5 in Fighting
  8384 | D:8      | Gained mutation: You have an extremely huge brain. (Int +4)
                  | [demonic ancestry]
  8384 | D:8      | Reached XP level 10. HP: 74/74 MP: 16/16
  8829 | D:8      | Reached skill level 8 in Stealth
  8845 | D:8      | Reached skill level 5 in Short Blades
  9859 | D:9      | Reached skill level 5 in Spellcasting
  9864 | D:9      | Reached skill level 5 in Dodging
  9875 | D:9      | Reached skill level 5 in Hexes
  9881 | D:9      | Reached XP level 11. HP: 80/81 MP: 5/18
 10818 | D:10     | Entered Level 10 of the Dungeon
 10818 | D:10     | Noticed Fannar
 10834 | D:10     | Killed Fannar
 10837 | D:10     | Found a hazy altar of Hepliaklqana.
 10881 | D:10     | Reached skill level 9 in Stealth
 10882 | D:10     | Reached skill level 5 in Armour
 10904 | D:10     | Found a flagged portal.
 10916 | Bailey   | Entered a bailey
 11051 | Bailey   | Reached skill level 5 in Evocations
 11235 | Bailey   | Acquired the +7 captain's cutlass {speed, disarm}
 11235 | Bailey   | Found the +7 captain's cutlass {speed, disarm}
 11238 | Bailey   | Acquired 1108 gold pieces
 11239 | Bailey   | Acquired a manual of Spellcasting
 11277 | Bailey   | Noticed an orc knight
 11283 | Bailey   | Killed an orc knight
 11322 | Bailey   | Noticed an orc knight
 11328 | Bailey   | Killed an orc knight
 11485 | Bailey   | Found an iron altar of Okawaru.
 11590 | Bailey   | Reached skill level 10 in Stealth
 11590 | Bailey   | Gained mutation: You have a pair of antennae on your head.
                  | [demonic ancestry]
 11590 | Bailey   | Reached XP level 12. HP: 89/89 MP: 19/21
 12007 | D:10     | Noticed Nergalle
 12018 | D:10     | Killed Nergalle
 12458 | D:11     | Reached ****** piety under Uskayaw
 12607 | D:11     | Identified the +0 robe of Hide-and-Seek {Fly SInv}
 12633 | D:11     | Found a staircase to the Orcish Mines.
 12719 | D:11     | Found a staircase to the Lair.
 12992 | D:12     | Learned a level 3 spell: Tukima's Dance
 12997 | D:12     | Learned a level 4 spell: Anguish
 13003 | D:12     | Learned a level 5 spell: Metabolic Englaciation
 13065 | D:12     | Noticed a five-headed hydra
 13090 | D:12     | Gained mutation: You have a pair of large antennae on your
                  | head. (SInv) [demonic ancestry]
 13090 | D:12     | Reached XP level 13. HP: 91/96 MP: 19/23
 13239 | D:12     | Found Kyal Deont's General Store.
 13257 | D:12     | Bought a scroll of blinking for 135 gold pieces
 14318 | D:13     | Found a gate to the Vaults.
 14395 | D:13     | Found a transporter.
 14397 | D:13     | Found a viscous altar of Jiyva.
 14468 | D:13     | Found a transporter.
 14473 | D:13     | Noticed an azure jelly
 14493 | D:13     | Reached skill level 11 in Stealth
 16153 | D:14     | Reached skill level 10 in Invocations
 16357 | D:14     | Gained mutation: You sometimes gain power by taking damage.
                  | [demonic ancestry]
 16357 | D:14     | Reached XP level 14. HP: 105/105 MP: 23/26
 16517 | D:13     | Killed an azure jelly
 16560 | D:13     | Identified the ring "Olasoq" {EV+4 Str+3}
 16573 | D:13     | Learned a level 3 spell: Dazzling Flash
 16603 | D:15     | Entered Level 15 of the Dungeon
 16751 | D:15     | Gained mutation: You occasionally shout uncontrollably at
                  | your foes. [potion of mutation]
 16751 | D:15     | Gained mutation: Your system is resistant to poisons.
                  | (rPois) [potion of mutation]
 16751 | D:15     | Gained mutation: You are frail. (-10% HP) [potion of
                  | mutation]
 16752 | D:15     | Lost mutation: You occasionally shout uncontrollably at
                  | your foes. [potion of mutation]
 16752 | D:15     | Lost mutation: You are frail. (-10% HP) [potion of
                  | mutation]
 16752 | D:15     | Lost mutation: Your system is resistant to poisons. (rPois)
                  | [potion of mutation]
 16752 | D:15     | Gained mutation: Your flesh is cold resistant. (rC+)
                  | [potion of mutation]
 16752 | D:15     | Gained mutation: Your mind is acute. (Int +4, Str/Dex -1)
                  | [potion of mutation]
 16753 | D:15     | Lost mutation: Your flesh is cold resistant. (rC+) [potion
                  | of mutation]
 16753 | D:15     | Lost mutation: Your mind is acute. (Int +4, Str/Dex -1)
                  | [potion of mutation]
 16753 | D:15     | Gained mutation: You have an increased reservoir of magic.
                  | (+10% MP) [potion of mutation]
 16753 | D:15     | Gained mutation: You have large cloven feet. [potion of
                  | mutation]
 16753 | D:15     | Gained mutation: You possess an exceptional clarity of
                  | mind. [potion of mutation]
 16878 | D:15     | Found a staircase to the Depths.
 17006 | D:15     | Identified the +4 whip "Hevae" {vorpal, rN+}
 17056 | D:15     | Reached skill level 12 in Stealth
 17338 | D:15     | Found an ancient bone altar of Kikubaaqudgha.
 17822 | Orc:1    | Entered Level 1 of the Orcish Mines
 17908 | Orc:2    | Entered Level 2 of the Orcish Mines
 17932 | Orc:2    | Noticed an orc warlord
 17963 | Orc:2    | Killed an orc warlord
 18029 | Orc:2    | Found Ekhonto's Antique Weapon Shop.
 18113 | Orc:2    | Found Pogh's Jewellery Shop.
 18164 | Orc:2    | Found a staircase to the Elven Halls.
 18269 | Orc:2    | Found Busaqur's Antique Armour Shop.
 18300 | Orc:2    | Found Zilewny's General Store.
 19049 | Orc:1    | HP: 4/106 [orc knight/+2 glaive of venom (5)]
 19051 | Orc:1    | HP: 1/159 [orc knight/+2 glaive of venom (24)]
 19052 | Orc:1    | Succumbed to an orc knight's poison

Illustrated notes

Levels and vault maps discovered:
D:1:      enne_arrival_octagon_isle, layout_basic,
          shapermc_ecumenical_altar_mp_urbaneastern
D:2:      layout_rooms, serial_shops, nicolae_shop_hallway_plus,
          minmay_tromino_v7
D:3:      layout_basic, nicolae_overflow_ecumenical_swirl, serial_shops,
          nicolae_square_shop, uniq_terence
D:4:      layout_rooms, grunt_temple_overflow_open,
          minmay_misc_feat_four_crosses, uniq_sigmund, uniq_duvessa
D:5:      minmay_skewed_foursquare, layout_basic
D:6:      layout_basic
D:7:      layout_basic, minmay_temple_entry_drinking_statues, uniq_menkaure
D:8:      layout_layer_cave, uniq_gastronok, uniq_prince_ribbit1
D:9:      layout_irregular_city, marbit_many_paths
D:10:     layout_roguey, nicolae_hepliaklqana_hazy_memory, enter_bailey_3,
          uniq_fannar, uniq_nergalle
D:11:     layout_big_octagon, lair_entry_dummy, erik_orc_3, evilmike_butchery
D:12:     lemuel_flame_loot_2, layout_basic, serial_shops,
          kennysheep_little_box, lightli_wizard_tower
D:13:     gammafunk_jiyva_shrine, layout_gridville, david_vaults_1
D:14:     layout_roguey
D:15:     grunt_enter_depths_magical_seal, layout_basic,
          nicolae_kikubaaqudgha_miasma_corner
Orc:1:    emtedronai_trogs_sanctum, layout_caves, serial_shops, shop_statue
Orc:2:    grunt_orc_cross, layout_caves, gauntlet_entry_generic

Skill      XL: |  1  2  3  4  5  6  7  8  9 10 11 12 13 14 |
---------------+-------------------------------------------+-----
Dodging        | 1 2 3 4 5 6 7 |  7.8
Short Blades   | 2 3 4 5 6 7 8 |  8.1
Stealth        | 4 5 6 7 8 10 11 12 | 12.4
Invocations    | 1 2 3 4 5 6 8 10 | 10.8
Armour         | 1 2 3 4 5 6 7 |  7.6
Spellcasting   | 1 2 3 4 5 6 7 8 9 |  9.7
Hexes          | 1 2 3 4 5 6 7 8 |  8.3
Fighting       | 3 4 5 6 7 8 |  8.7
Evocations     | 1 2 3 4 5 6 7 8 |  8.0
Throwing       | |  1.7

Action                   |  1- 3 |  4- 6 |  7- 9 | 10-12 | 13-15 || total
-------------------------+-------+-------+-------+-------+-------++-------
Melee: Dagger            |   152 |   151 |   235 |   260 |    23 ||   821
       Punch             |     2 |       |     4 |     2 |     4 ||    12
       Cutlass           |       |       |       |   158 |   402 ||   560
Throw: Dart              |    16 |    11 |     2 |       |       ||    29
 Cast: Ensorcelled Hiber |       |       |    23 |    77 |    90 ||   190
       Anguish           |       |       |       |       |     9 ||     9
       Dazzling Flash    |       |       |       |       |     3 ||     3
       Tukima's Dance    |       |       |       |       |     2 ||     2
Invok: Stomp             |       |     1 |     2 |     1 |     5 ||     9
       Line Pass         |       |       |       |     2 |       ||     2
Evoke: Wand              |       |       |     1 |     4 |     2 ||     7
  Use: Potion            |     2 |     5 |     6 |     2 |    16 ||    31
       Scroll            |       |    14 |     5 |     9 |     5 ||    33
 Stab: Sleeping          |     4 |     9 |    15 |    47 |    44 ||   119
       Distracted        |       |       |     2 |       |       ||     2
       Paralysed         |       |       |    20 |    80 |    94 ||   194
       Invisible         |       |       |     1 |       |     3 ||     4
       Confused          |       |       |       |     1 |     1 ||     2
Armor: Robe              |    33 |       |       |       |       ||    33
       Leather armour    |    35 |    23 |    97 |       |       ||   155
       Troll leather arm |       |       |    38 |   170 |   192 ||   400
Dodge: Dodged            |   127 |    70 |   156 |   307 |   397 ||  1057
